 Dungeon Crawl Stone Soup version 0.30-a0-847-g17996783a1 (webtiles) character file.

Game seed: 7695913469486114413

147 cforsyth the Sneak (level 5, -6/32 HPs)
             Began as a Kobold Brigand on Mar 4, 2023.
             Mangled by an ogre
             ... wielding a +0 giant club
              (11 damage)
             ... on level 2 of the Dungeon.
             The game lasted 00:01:56 (1598 turns).

cforsyth the Sneak (Kobold Brigand)                 Turns: 1598, Time: 00:01:57

Health: -6/32      AC:  4    Str:  9    XL:     5   Next: 54%
Magic:  5/5        EV: 15    Int: 12    God:
Gold:   53         SH:  0    Dex: 18    Spells: 4/4 levels left

rFire   . . .      SeeInvis .    a - +2 dagger
rCold   . . .      Faith    .    (no shield)
rNeg    . . .      Spirit   .    b - +0 robe
rPois   .          Reflect  .    (no helmet)
rElec   .          Rampage  .    c - +0 cloak
rCorr   .                        n - +0 pair of gloves
Will    +....                    (no boots)
Stlth   ++++                     (no amulet)
HPRegen 0.25/turn                l - ring of willpower
MPRegen 0.09/turn                (no ring)

@: no status effects
A: small, no large weapons, nightstalker 3
a: no special abilities


You were on level 2 of the Dungeon.
You visited 1 branch of the dungeon, and saw 2 of its levels.

You collected 53 gold pieces.

Inventory:

Hand Weapons
 a - a +2 dagger (weapon)
Missiles
 d - 13 poisoned darts (quivered)
 e - 3 curare-tipped darts
Armour
 b - a +0 robe (worn)
 c - a +0 cloak (worn)
 n - a +0 pair of gloves (worn)
Jewellery
 l - a ring of willpower (left hand)
Scrolls
 f - 2 scrolls of teleportation {unknown}
 i - a scroll of torment {unknown}
 j - a scroll of identify {unknown}
 o - 2 scrolls of noise {unknown}
Potions
 g - a potion of curing {unknown}
 h - a potion of attraction {unknown}
 k - a potion of degeneration {unknown}
 m - 2 potions of lignification {unknown}
 p - a potion of berserk rage {unknown}


   Skills:
 + Level 3.4 Fighting
 + Level 4.1 Short Blades
 - Level 2.1 Throwing
 + Level 3.1 Dodging
 + Level 6.4 Stealth


You had 4 spell levels left.
You didn't know any spells.
Your spell library was empty.

Dungeon Overview and Level Annotations

Branches:
Dungeon (2/15)

Altars:
Zin

Shops:
D:1 *


Innate Abilities, Weirdness & Mutations

You are small and have problems with some larger weapons.
You are completely attuned to the shadows.


Message History

An ogre comes into view. It is wielding a +0 giant club.
The ogre shouts!
An ogre is nearby!
A giant cockroach comes into view.
You hit the ogre.
The ogre is lightly wounded.
The ogre closely misses you.
You hit the ogre.
The ogre is lightly wounded.
You barely miss the ogre.
The ogre is lightly wounded.
The ogre closely misses you.
You hit the ogre.
The ogre is lightly wounded.
You hit the ogre.
The ogre is moderately wounded.
The ogre closely misses you.
You hit the ogre.
The ogre is heavily wounded.
You hit the ogre.
The ogre is heavily wounded.
The ogre hits you with a +0 giant club!
You barely miss the ogre.
The ogre is heavily wounded.
You hit the ogre.
The ogre is severely wounded.
The giant cockroach waves its antennae.
The ogre hits you with a +0 giant club!
* * * LOW HITPOINT WARNING * * *
You are too injured to fight recklessly!
You are too injured to fight recklessly!
You are too injured to fight recklessly!
You are too injured to fight recklessly!
You are too injured to fight recklessly!
You hit the ogre.
The ogre is almost dead.
You barely miss the ogre. You punch the ogre.
The ogre is almost dead.
The ogre hits you with a +0 giant club!
You die...

+.##.(#..#.[#..'...#
###################.##
#.####..# ##.# #.#.....# #..#
#.#.##.# ..# #.## #.#....#
..# #.# #..###.# #B# #.#
###..# #.# #O# ####.#######
.....###.# #@# #...........
#####...#####
##.#####...........
#..##...###........##########
#.....#......####..##########
#####...####.................
######
##.##.....####.####......
.....####...#.....# #<#
####### ####..........._..#
#†# #
######...#.....####.#### #


You could see an ogre and a giant cockroach.

Vanquished Creatures
  A black bear (D:2)
  An adder (D:2)
  2 worms (D:2)
  3 ball pythons
  2 endoplasms (D:2)
  3 giant cockroaches (D:2)
  2 goblins (D:1)
  7 hobgoblins
  3 jackals (D:2)
  2 quokkas
  A bat (D:2)
  2 frilled lizards (D:1)
  4 kobolds
  4 rats
37 creatures vanquished.

Notes
Turn   | Place    | Note
-------+----------+-------------------------------------------
     0 | D:1      | cforsyth the Kobold Brigand began the quest for the Orb.
     0 | D:1      | Reached XP level 1. HP: 12/12 MP: 1/1
   309 | D:1      | Reached XP level 2. HP: 5/18 MP: 2/2
   773 | D:1      | Found Qumomnope's General Store.
  1086 | D:2      | Reached XP level 3. HP: 22/22 MP: 3/3
  1263 | D:2      | Noticed a black bear
  1265 | D:2      | Killed a black bear
  1266 | D:2      | Reached skill level 6 in Stealth
  1266 | D:2      | Reached XP level 4. HP: 28/28 MP: 4/4
  1266 | D:2      | Reached XP level 5. HP: 32/32 MP: 5/5
  1458 | D:2      | Found a glowing silver altar of Zin.
  1586 | D:2      | Noticed an ogre
  1598 | D:2      | Mangled by an ogre

Illustrated notes

Levels and vault maps discovered:
D:1:      dpeg_arrival_simpleton_b, layout_loops_ring, serial_shops,
          nicolae_shop_stone, serial_rivers, chequers_serial_rivers_micro_b,
          chequers_serial_rivers_room_a, chequers_serial_rivers_micro_d,
          chequers_serial_rivers_micro_e, chequers_serial_rivers_small_b,
          chequers_serial_rivers_room_a
D:2:      minmay_razor_zed, layout_loops_ring, basic_altar

Skill      XL: |  1  2  3  4  5 |
---------------+----------------+-----
Short Blades   | 3 4 |  4.1
Dodging        | 2 3 |  3.1
Fighting       | 3 |  3.4
Stealth        | 6 |  6.4
Throwing       | |  2.1

Action                     |  1- 3 |  4- 6 || total
---------------------------+-------+-------++-------
  Melee: Dagger            |    81 |    34 ||   115
         Punch             |     2 |     2 ||     4
   Stab: Sleeping          |    10 |     7 ||    17
         Distracted        |     1 |     1 ||     2
 Armour: Robe              |     8 |     3 ||    11
  Dodge: Dodged            |    35 |    17 ||    52

Table legend: (Time is in decaauts)
 A = Elapsed time spent in this place.
 B = Non-inter-level travel time spent in this place.
 C = Inter-level travel time spent in this place.
 D = Time resting spent in this place.
 E = Time spent auto-exploring this place.
 F = Levels seen in this place.
 G = Mean time per level.
                   A        B        C        D        E       F      G
               +--------+--------+--------+--------+--------+-----+--------+
         Total |   1578 |   1546 |     32 |      0 |   1302 |   2 |  789.0 |
       Dungeon |   1578 |   1546 |     32 |      0 |   1302 |   2 |  789.0 |
               +--------+--------+--------+--------+--------+-----+--------+

Top non-repeatable levels by time:
     D:1: 1069 daAuts
     D:2: 509 daAuts
